 Dungeon Crawl Stone Soup version 0.31-a0-1338-gb567cfdca4 (webtiles) character file.

Game seed: 2525605497851165633

3 IdlyInterested the Changeling (level 1, -1/15 HPs)
             Began as a Demonspawn Shapeshifter on Dec 21, 2023.
             Slain by a gnoll
             ... wielding a +0 spear
              (7 damage)
             ... on level 1 of the Dungeon.
             The game lasted 00:00:29 (159 turns).

IdlyInterested the Changeling (DsSh)                 Turns: 159, Time: 00:00:30

Health: -1/15      AC:  2    Str: 14    XL:     1   Next: 41%
Magic:  1/1        EV: 12    Int: 10    God:
Gold:   16         SH:  0    Dex: 12    Spells: 0/0 levels left

rFire   . .          .
                       - Unarmed
rCold   . . .        (no shield)
rNeg    . . .        a - +0 animal skin
rPois   .            (helmet currently unavailable)
rElec   .            (cloak currently unavailable)
rCorr   .            (gloves currently unavailable)
SInv    .            (boots currently unavailable)
Will    .....        (no amulet)
Stlth   +            (no ring)
HPRegen 0.22/turn    (no ring)
MPRegen 0.07/turn

%: no passive effects
@: beast-form
A: beast (slay +1)
a: Begin Untransformation


You were on level 1 of the Dungeon.
You were a hulking beast.
You visited 1 branch of the dungeon, and saw 1 of its levels.

You collected 16 gold pieces.

Inventory:

Missiles
 e - 3 datura-tipped darts
 f - 4 stones (quivered)
Armour
 a - a +0 animal skin (worn)
Talismans
 c - a beast talisman
 d - a flux talisman
Scrolls
 g - a scroll of teleportation {unknown}
Potions
 b - a potion of lignification


   Skills:
 - Level 1.0 Fighting
 + Level 0.2 Armour
 - Level 1.7 Dodging
 - Level 2.6 Unarmed Combat
 * Level 2.8 Shapeshifting


You couldn't memorise any spells.
You didn't know any spells.
Your spell library was empty.

Dungeon Overview and Level Annotations

Branches:
Dungeon (1/15)

Altars:


Message History

You hit the hobgoblin.
You kill the hobgoblin!
You start waiting.
Done waiting.
Things that are here:
a hobgoblin corpse; a ball python corpse You see here 6 stones.
f - 6 stones A gnoll and a kobold come into view.
The gnoll shouts!
You hear a shout!
A kobold comes into view. It is wielding a +0 dagger of venom.
The kobold shouts!
The gnoll completely misses you.
You see here a scroll labelled NUOTURA VAATEXKON.
g - a scroll labelled NUOTURA VAATEXKON The kobold throws a stone.
The stone hits you.
An endoplasm comes into view.
The kobold throws a stone.
The stone hits you but does no damage.
The gnoll hits you from afar with a +0 spear.
The kobold throws a stone.
The stone hits you but does no damage.
The kobold throws a stone.
The stone misses you. The gnoll attacks as it pursues you!
The gnoll hits you from afar with a +0 spear.
* * * LOW HITPOINT WARNING * * *
The gnoll attacks as it pursues you! The gnoll misses you.
Things that are here:
a hobgoblin corpse; a ball python corpse Throw: 6 stones
Press: ? - help, Q - select action, (/) - cycle Shift-Dir - straight line, f - gnoll
Aim: a gnoll, wielding a +0 spear (60% to hit)
You throw a stone.
The stone hits the gnoll but does no damage.
Throw: 5 stones
Press: ? - help, Q - select action, (/) - cycle Shift-Dir - straight line, f/p - gnoll
Aim: a gnoll, wielding a +0 spear (60% to hit)
You throw a stone. The stone hits the gnoll.
The gnoll is lightly wounded.
The gnoll misses you. The gnoll hits you with a +0 spear!
You die...

#.#....# ##.... #......##
##.#.#.#.#.
#..##...###..........
#.#..##.#...K.##.#.#.#.
#.......#............
#....##g########.#.#.
#.......†..####.#.##
###...######.##...#.#
........hgKK.#..#...#
####.######....#.#..#####
#......#...#......
#.#####.....#####.
....#...........#..
##.#..#....<....#..#
#.#..#.........#..#
#...#...........#..
..#####.....#####.


You could see a gnoll and 2 kobolds.

Vanquished Creatures
  2 hobgoblins (D:1)
  A ball python (D:1)
3 creatures vanquished.

Notes
Turn   | Place    | Note
-------+----------+-------------------------------------------
     0 | D:1      | IdlyInterested the Demonspawn Shapeshifter began the quest
                  | for the Orb.
     0 | D:1      | Reached XP level 1. HP: 15/15 MP: 1/1
   159 | D:1      | Slain by a gnoll

Illustrated notes

Levels and vault maps discovered:
D:1:      scummos_arrival_star, layout_basic, serial_bayou_pond_c, st_stairs_11

Action                     || total
---------------------------++-------
  Melee: Unarmed           ||     5
  Throw: Stone             ||     2
 Armour: Animal skin       ||     7
  Dodge: Dodged            ||     7

Table legend: (Time is in decaauts)
 A = Elapsed time spent in this place.
 B = Non-inter-level travel time spent in this place.
 C = Inter-level travel time spent in this place.
 D = Time resting spent in this place.
 E = Time spent auto-exploring this place.
 F = Levels seen in this place.
 G = Mean time per level.
                   A        B        C        D        E       F      G
               +--------+--------+--------+--------+--------+-----+--------+
         Total |    158 |    158 |      0 |    100 |      8 |   1 |  158.0 |
       Dungeon |    158 |    158 |      0 |    100 |      8 |   1 |  158.0 |
               +--------+--------+--------+--------+--------+-----+--------+

Top non-repeatable levels by time:
     D:1: 158 daAuts
